AoeStats
← El Fantasma de Pancho Villa

Black Forest

508021145Analyzed
4v4 RM · 12d ago on Sep 20, 2026· 56m 35s· 8 players
Game mode
Random Map
Map size
Large (8 player)
Population
200
Speed
Normal
Resources
Standard
Victory
Conquest
Starting age
Dark Age
Ending age
Imperial Age
RankedLock teamsTeams togetherTeam positionsShared explorationLock speedFull tech treeHidden civsTurbo modeCheats
Victory
Defeat
🇷🇴 Byzantines · Romania
1171
+14
🇺🇸 Cumans · United States
1150
+15
🇦🇷 Aztecs · Argentina
1088
+17
🇪🇸 Spanish · Spain
1048
+19
🇹🇼 Bulgarians · Taiwan
1197
-19
🇬🇧 Mongols · United Kingdom
1187
-20
🇨🇳 Bohemians · China
1055
-14
🇨🇳 Persians · China
1024
-12
El Fantasma de Pancho Villa
1:48 Loom
13:48 Feudal Age
13:56 Man-at-Arms
15:08 Scale Mail Armor
18:20 Forging
23:20 Horse Collar
31:17 Castle Age
29:57 Scale Barding Armor
30:33 Wheelbarrow
29:48 Double-Bit Axe
29:58 Gold Mining
30:37 Stone Mining
35:04 Imperial Age
33:13 Gold Shaft Mining
33:50 Bloodlines
34:45 Chain Barding Armor
35:00 Iron Casting
34:39 Heavy Plow
36:29 Bow Saw
37:43 Plate Barding Armor
38:08 Blast Furnace
38:31 Blast Furnace
39:04 Elite Steppe Lancer
55:36 Spies/Treason
Chaneitor
0:27 Loom
14:18 Feudal Age
16:21 Town Watch
18:53 Castle Age
20:00 Scale Mail Armor
19:33 Eagle Warrior
19:59 Gambesons
20:14 Squires
20:25 Double-Bit Axe
22:29 Forging
24:33 Arson
25:09 Chain Mail Armor
26:27 Redemption
26:20 Pikeman
33:09 Iron Casting
44:43 Imperial Age
43:56 Arson
45:18 Elite Eagle Warrior
46:37 Plate Mail Armor
47:59 Blast Furnace
48:50 Garland Wars
54:51 Spies/Treason
oDiN_ZeLot
12:07 Feudal Age
10:23 Loom
14:13 Double-Bit Axe
17:55 Castle Age
15:41 Horse Collar
17:19 Scale Barding Armor
17:22 Stone Mining
18:33 Gold Mining
19:06 Heavy Plow
19:17 Bow Saw
24:34 Husbandry
26:01 Husbandry
28:23 Stone Shaft Mining
29:34 Wheelbarrow
35:27 Imperial Age
33:33 Chain Barding Armor
34:30 Bloodlines
37:30 Plate Barding Armor
38:29 Cavalier
39:54 Conscription
40:12 Hand Cart
39:43 Town Watch
40:18 Scale Mail Armor
40:28 Forging
42:19 Two-Man Saw
43:29 Chain Mail Armor
43:25 Forging
43:19 Padded Archer Armor
43:10 Fletching
43:25 Town Patrol
43:37 Elite Skirmisher
44:23 Thumb Ring
45:50 Leather Archer Armor
45:30 Bodkin Arrow
45:35 Paladin
48:35 Chemistry
50:55 Ring Archer Armor
50:26 Bracer
Sageata
12:43 Feudal Age
16:48 Castle Age
15:10 Double-Bit Axe
16:11 Horse Collar
18:32 Bow Saw
18:35 Heavy Plow
20:16 Loom
28:01 Wheelbarrow
31:52 Imperial Age
29:43 Hand Cart
28:54 Crossbowman
29:26 Fletching
30:38 Padded Archer Armor
33:33 Chemistry
32:57 Leather Archer Armor
38:16 Stone Mining
38:17 Gold Mining
39:29 Two-Man Saw
39:01 Crop Rotation
39:28 Conscription
39:14 Greek Fire
40:52 Stone Shaft Mining
40:53 Gold Shaft Mining
40:15 Elite Skirmisher
41:27 Ring Archer Armor
40:53 Bodkin Arrow
45:08 Light Cavalry
45:49 Husbandry
46:46 Bracer
46:39 Hussar
49:00 Ballistics
50:33 Capped Ram
51:52 Siege Ram
54:18 Scale Barding Armor
54:23 Forging
55:27 Chain Barding Armor
56:47 Iron Casting
55:35 Onager
Ham Shank
10:01 Feudal Age
16:07 Castle Age
14:32 Double-Bit Axe
14:30 Horse Collar
17:15 Bow Saw
19:17 Gold Mining
23:48 Stone Mining
23:44 Loom
24:35 Wheelbarrow
26:53 Hand Cart
26:50 Heavy Plow
32:38 Imperial Age
31:44 Stone Shaft Mining
31:45 Gold Shaft Mining
31:03 Fletching
31:13 Padded Archer Armor
31:29 Town Watch
32:09 Bodkin Arrow
32:29 Leather Archer Armor
32:39 Ballistics
33:33 Bloodlines
33:24 Husbandry
33:30 Thumb Ring
34:39 Chemistry
33:42 Bracer
34:16 Conscription
34:37 Parthian Tactics
34:27 Elite Mangudai
35:21 Capped Ram
37:06 Siege Ram
41:20 Drill
43:45 Murder Holes
44:01 Masonry
43:57 Siege Engineers
53:23 Light Cavalry
54:12 Scale Barding Armor
54:18 Forging
54:51 Heavy Camel Rider
bimurock
0:52 Loom
13:11 Feudal Age
14:53 Wheelbarrow
14:09 Double-Bit Axe
16:17 Stone Mining
19:01 Castle Age
16:52 Horse Collar
18:50 Gold Mining
23:12 Fletching
24:08 Bodkin Arrow
24:35 Scale Barding Armor
24:41 Forging
31:23 Heavy Plow
32:31 Gambesons
33:41 Hand Cart
34:55 Gold Shaft Mining
34:30 Squires
35:16 Arson
38:24 Stirrups
41:12 Imperial Age
45:31 Stone Shaft Mining
45:56 Conscription
46:34 Conscription
47:00 Bagains
48:33 Siege Engineers
48:52 Ballistics
48:14 Pikeman
49:47 Scale Mail Armor
50:23 Iron Casting
49:49 Bracer
50:10 Chain Barding Armor
49:42 Halberdier
50:53 Bloodlines
50:59 Bloodlines
50:49 Husbandry
GreyElf
1:37 Loom
10:54 Feudal Age
12:04 Double-Bit Axe
12:29 Horse Collar
14:51 Castle Age
15:50 Bow Saw
16:46 Fervor
17:29 Wheelbarrow
26:52 Man-at-Arms
33:20 Town Watch
ze'ro
12:56 Feudal Age
14:54 Double-Bit Axe
14:54 Horse Collar
17:21 Castle Age
17:33 Wheelbarrow
18:16 Bow Saw
18:12 Heavy Plow
22:47 Husbandry
24:36 Bloodlines
27:13 Hand Cart
27:28 Gold Mining
30:43 Imperial Age
29:41 Gold Shaft Mining
29:22 Scale Barding Armor
29:27 Forging
31:12 Cavalier
32:03 Cavalier
32:33 Onager
Connection lost

Rejoining the realm…

Still unreachable

The connection could not be restored.

Session expired

The server has moved on; the page needs a fresh start.